| TOP OF THE 1ST |
|
Washington Nationals batting - Pitching for Los Angeles Dodgers : RHP Jeremy Stock
|
|
Pitching: RHP Jeremy Stock
|
|
|
Batting: LHB Kyung-jin Cho
|
0-0: SINGLE (Groundball, 6MD, EV 106.9 MPH) (infield hit)
|
|
Batting: LHB Bi-jun Chien
|
0-0: Called Strike 0-1: Swinging Strike 0-2: Ball 1-2: Ball 2-2: Ball 3-2: Fielders Choice at 2nd, 5-4 (Groundball, 56, EV 83.1 MPH)
|
|
Batting: RHB John Sanders
|
0-0: Ball 1-0: Ball 2-0: Grounds into double play, 6-4-3 (Groundball, 6, EV 80.0 MPH)
|
| Top of the 1st over - 0 runs, 1 hit, 0 errors, 0 left on base; Washington 0 - Los Angeles 0 |
| BOTTOM OF THE 1ST |
|
Los Angeles Dodgers batting - Pitching for Washington Nationals : RHP Chad Mangum
|
|
Pitching: RHP Chad Mangum
|
|
|
Batting: RHB Tim Nettles
|
0-0: Ball 1-0: Foul Ball, location: 2F 1-1: Foul Ball, location: 2F 1-2: Foul Ball, location: 2F 1-2: Ground out 5-3 (Groundball, 56S, EV 83.1 MPH)
|
|
Batting: RHB Tsutomu Irie
|
0-0: Called Strike 0-1: Foul Ball, location: 2F 0-2: Ball 1-2: Foul Ball, location: 2F 1-2: Ball 2-2: Foul Ball, location: 2F 2-2: Ball 3-2: Ground out 4-3 (Groundball, 6M, EV 79.4 MPH)
|
|
Batting: LHB Lirak Bazhunaishvili
|
0-0: Ball 1-0: Foul Ball, location: 2F 1-1: Ball 2-1: Foul Ball, location: 2F 2-2: Ball 3-2: SINGLE (Groundball, 6D, EV 94.4 MPH)
|
|
Batting: SHB Shane Marcum
|
0-0: Ball Pickoff Throw to First - Error! E1 Lirak Bazhunaishvili to second 1-0: Swinging Strike 1-1: Ball 2-1: Ball 3-1: Base on Balls
|
|
Batting: LHB Juan Concepcion
|
0-0: Ball 1-0: Ball 2-0: Ball 3-0: Base on Balls Lirak Bazhunaishvili to third Shane Marcum to second
|
|
Batting: RHB Danny Dyer
|
0-0: Called Strike 0-1: Ball 1-1: Swinging Strike 1-2: Strikes out swinging
|
| Bottom of the 1st over - 0 runs, 1 hit, 1 error, 3 left on base; Washington 0 - Los Angeles 0 |
| TOP OF THE 2ND |
|
Washington Nationals batting - Pitching for Los Angeles Dodgers : RHP Jeremy Stock
|
|
Batting: LHB Seth Cook
|
0-0: Called Strike 0-1: Ball 1-1: Foul Ball, location: 2F 1-2: Strikes out swinging
|
|
Batting: SHB Tze-meng Gan
|
0-0: Ground out 6-3 (Groundball, 6M, EV 100.6 MPH)
|
|
Batting: LHB Emmanuel Gaskin
|
0-0: Fly out, F9 (Flyball, 89M, EV 81.2 MPH)
|
| Top of the 2nd over - 0 runs, 0 hits, 0 errors, 0 left on base; Washington 0 - Los Angeles 0 |
| BOTTOM OF THE 2ND |
|
Los Angeles Dodgers batting - Pitching for Washington Nationals : RHP Chad Mangum
|
|
Batting: LHB Stephen Van Raalte
|
0-0: Foul Ball, location: 2F 0-1: Foul Ball, location: 2F 0-2: Ball 1-2: Ball 2-2: Ground out 6-3 (Groundball, 4, EV 86.2 MPH)
|
|
Batting: RHB Ben Mischnick
|
0-0: Swinging Strike 0-1: Swinging Strike 0-2: Ball 1-2: Fly out, F9 (Flyball, 89S, EV 96.9 MPH)
|
|
Batting: RHB Leonardo Nava
|
0-0: Ball 1-0: Foul Ball, location: 2F 1-1: Fly out, F5 (Line Drive, 5L, EV 61.9 MPH)
|
| Bottom of the 2nd over - 0 runs, 0 hits, 0 errors, 0 left on base; Washington 0 - Los Angeles 0 |
| TOP OF THE 3RD |
|
Washington Nationals batting - Pitching for Los Angeles Dodgers : RHP Jeremy Stock
|
|
Batting: RHB Dave Vargas
|
0-0: Ball 1-0: SOLO HOME RUN (Flyball, 78XD, EV 109.4 MPH), Distance : 421 ft
|
|
Batting: LHB Bob Melley
|
0-0: Ball 1-0: Swinging Strike 1-1: Fly out, F4 (Popup, 13, EV 84.4 MPH)
|
|
Batting: RHB Darren McCarty Jr.
|
0-0: Bunt for hit to 3S - play at first, batter safe!
|
|
Batting: LHB Kyung-jin Cho
|
0-0: Ball 1-0: Ball 2-0: Ball 3-0: Called Strike 3-1: Fielders Choice at 2nd, 4-6 (Groundball, 4M, EV 88.1 MPH)
|
|
Batting: LHB Bi-jun Chien
|
0-0: Foul Ball, location: 2F 0-1: SINGLE (Flyball, 4MD, EV 88.8 MPH) Kyung-jin Cho to second Runner from 2nd tries for 3rd, SAFE, throw by CF made to third
|
|
Batting: RHB John Sanders
|
0-0: Called Strike 0-1: Foul Ball, location: 2F 0-2: Foul Ball, location: 2F 0-2: Ball 1-2: Foul Ball, location: 2F 1-2: Strikes out swinging
|
| Top of the 3rd over - 1 run, 3 hits, 0 errors, 2 left on base; Washington 1 - Los Angeles 0 |
| BOTTOM OF THE 3RD |
|
Los Angeles Dodgers batting - Pitching for Washington Nationals : RHP Chad Mangum
|
|
Batting: RHB Tim Nettles
|
0-0: Swinging Strike 0-1: Foul Ball, location: 2F 0-2: Foul Ball, location: 2F 0-2: Foul Ball, location: 2F 0-2: DOUBLE (Line Drive, 7LS, EV 98.8 MPH)
|
|
Batting: RHB Tsutomu Irie
|
0-0: Swinging Strike 0-1: Foul Ball, location: 2F 0-2: Strikes out swinging
|
|
Batting: LHB Lirak Bazhunaishvili
|
0-0: Foul Ball, location: 2F 0-1: Fly out, F8 (Flyball, 8LXD, EV 89.4 MPH) Runner from 2nd tags up, SAFE at 3rd, no throw by CF
|
|
Batting: SHB Shane Marcum
|
0-0: Fly out, F7 (Flyball, 7, EV 93.8 MPH)
|
| Bottom of the 3rd over - 0 runs, 1 hit, 0 errors, 1 left on base; Washington 1 - Los Angeles 0 |
| TOP OF THE 4TH |
|
Washington Nationals batting - Pitching for Los Angeles Dodgers : RHP Jeremy Stock
|
|
Batting: LHB Seth Cook
|
0-0: Ball 1-0: Swinging Strike 1-1: Foul Ball, location: 2F 1-2: Foul Ball, location: 2F 1-2: Ball 2-2: Ball 3-2: Strikes out swinging
|
|
Batting: SHB Tze-meng Gan
|
0-0: Ball 1-0: Called Strike 1-1: Ball 2-1: Swinging Strike 2-2: Ball 3-2: Foul Ball, location: 2F 3-2: Foul Ball, location: 2F 3-2: Base on Balls
|
|
Batting: LHB Emmanuel Gaskin
|
0-0: Ball 1-0: Ball 2-0: Called Strike 2-1: Grounds into double play, 4-6-3 (Groundball, 34, EV 85.6 MPH)
|
| Top of the 4th over - 0 runs, 0 hits, 0 errors, 0 left on base; Washington 1 - Los Angeles 0 |
| BOTTOM OF THE 4TH |
|
Los Angeles Dodgers batting - Pitching for Washington Nationals : RHP Chad Mangum
|
|
Batting: LHB Juan Concepcion
|
0-0: Called Strike 0-1: Called Strike 0-2: Ball 1-2: Fly out, F8 (Line Drive, 8RD, EV 103.1 MPH)
|
|
Batting: RHB Danny Dyer
|
0-0: Foul Ball, location: 2F 0-1: Ball 1-1: Ball 2-1: DOUBLE (Line Drive, 89XD, EV 111.2 MPH)
|
|
Batting: LHB Stephen Van Raalte
|
0-0: Ball 1-0: Fly out, F9 (Line Drive, 9S, EV 89.4 MPH)
|
|
Batting: RHB Ben Mischnick
|
0-0: Ball 1-0: Foul Ball, location: 2F 1-1: Ground out 5-3 (Groundball, 56, EV 93.8 MPH)
|
| Bottom of the 4th over - 0 runs, 1 hit, 0 errors, 1 left on base; Washington 1 - Los Angeles 0 |
| TOP OF THE 5TH |
|
Washington Nationals batting - Pitching for Los Angeles Dodgers : RHP Jeremy Stock
|
|
Batting: RHB Dave Vargas
|
0-0: Ball 1-0: Called Strike 1-1: DOUBLE (Groundball, 5L, EV 102.5 MPH)
|
|
Batting: LHB Bob Melley
|
0-0: Swinging Strike 0-1: Ball 1-1: Ball 2-1: Ball 3-1: Foul Ball, location: 2F 3-2: Base on Balls
|
|
Batting: RHB Darren McCarty Jr.
|
0-0: Foul Ball, location: 2F 0-1: Swinging Strike 0-2: Ball 1-2: Foul Ball, location: 2F 1-2: Strikes out looking
|
|
Batting: LHB Kyung-jin Cho
|
0-0: Called Strike 0-1: Fly out, F8 (Flyball, 8RD, EV 80.6 MPH) Runner from 2nd tags up, SAFE at 3rd with throw by CF
|
|
Batting: LHB Bi-jun Chien
|
0-0: Called Strike 0-1: Fly out, F9 (Flyball, 89M, EV 85.6 MPH)
|
| Top of the 5th over - 0 runs, 1 hit, 0 errors, 2 left on base; Washington 1 - Los Angeles 0 |
| BOTTOM OF THE 5TH |
|
Los Angeles Dodgers batting - Pitching for Washington Nationals : RHP Chad Mangum
|
|
Batting: RHB Leonardo Nava
|
0-0: Called Strike 0-1: Ball 1-1: Foul Ball, location: 2F 1-2: Ground out 6-3 (Groundball, 6, EV 100.6 MPH)
|
|
Batting: RHB Tim Nettles
|
0-0: Ball 1-0: Ball 2-0: Foul Ball, location: 2F 2-1: Called Strike 2-2: Foul Ball, location: 2F 2-2: Foul Ball, location: 2F 2-2: Fly out, F8 (Flyball, 8RM, EV 86.2 MPH)
|
|
Batting: RHB Tsutomu Irie
|
0-0: Ball 1-0: Ball 2-0: Ball 3-0: Base on Balls
|
|
Batting: LHB Lirak Bazhunaishvili
|
0-0: Ball 1-0: Ball 2-0: Ball 3-0: Base on Balls Tsutomu Irie to second
|
|
Batting: SHB Shane Marcum
|
0-0: SINGLE (Line Drive, 7S, EV 104.4 MPH) Tsutomu Irie to third Lirak Bazhunaishvili to second Throwing error, E7 Tsutomu Irie scores Lirak Bazhunaishvili to third Shane Marcum to second
|
|
Batting: LHB Juan Concepcion
|
0-0: Ball 1-0: 3-RUN HOME RUN (Flyball, 9D, EV 103.1 MPH), Distance : 412 ft
|
|
Batting: RHB Danny Dyer
|
0-0: Called Strike 0-1: SINGLE (Line Drive, 9S, EV 91.9 MPH)
|
|
Batting: LHB Stephen Van Raalte
|
0-0: Ground out 4-3 (Groundball, 13, EV 88.1 MPH)
|
| Bottom of the 5th over - 4 runs, 3 hits, 1 error, 1 left on base; Washington 1 - Los Angeles 4 |
| TOP OF THE 6TH |
|
Washington Nationals batting - Pitching for Los Angeles Dodgers : RHP Jeremy Stock
|
|
Batting: RHB John Sanders
|
0-0: Called Strike 0-1: Ball 1-1: Ball 2-1: Called Strike 2-2: Ground out 6-3 (Groundball, 6, EV 81.9 MPH)
|
|
Batting: LHB Seth Cook
|
0-0: Swinging Strike 0-1: Ball 1-1: Ball 2-1: Swinging Strike 2-2: SINGLE (Groundball, 6M, EV 103.1 MPH)
|
|
Batting: SHB Tze-meng Gan
|
0-0: SINGLE (Groundball, 4MD, EV 100.6 MPH) Seth Cook to second Runner from 2nd tries for 3rd, SAFE, throw by CF made to third Tze-meng Gan to second
|
|
Batting: LHB Emmanuel Gaskin
|
0-0: Ball 1-0: Foul Ball, location: 2F 1-1: Ball 2-1: Called Strike 2-2: Ball 3-2: Fly out, F8 (Line Drive, 89M, EV 106.9 MPH) Runner from 3rd tags up, SCORES, throw by CF Tze-meng Gan to third
|
|
Pitching: LHP Gavin White
|
|
|
Batting: RHB Dave Vargas
|
0-0: Ball 1-0: Ball 2-0: Ball 3-0: Called Strike 3-1: Base on Balls
|
|
Batting: LHB Bob Melley
|
0-0: Ball 1-0: Ball 2-0: Ball 3-0: Called Strike 3-1: Called Strike 3-2: Reached via error on a dropped throw from SS, E3 (Groundball, 6M, EV 91.9 MPH) Tze-meng Gan scores Dave Vargas to second
|
|
Batting: RHB Darren McCarty Jr.
|
0-0: Called Strike 0-1: Swinging Strike 0-2: Strikes out swinging
|
| Top of the 6th over - 2 runs, 2 hits, 1 error, 2 left on base; Washington 3 - Los Angeles 4 |
| BOTTOM OF THE 6TH |
|
Los Angeles Dodgers batting - Pitching for Washington Nationals : RHP Chad Mangum
|
|
Batting: RHB Ben Mischnick
|
0-0: Called Strike 0-1: Ground out 6-3 (Groundball, 4MS, EV 89.4 MPH)
|
|
Batting: RHB Leonardo Nava
|
0-0: SINGLE (Groundball, 56D, EV 104.4 MPH)
|
|
Batting: RHB Tim Nettles
|
0-0: Called Strike 0-1: Ball 1-1: Ball 2-1: Swinging Strike 2-2: Strikes out looking
|
|
Batting: RHB Tsutomu Irie
|
0-0: Ground out 4-3 (Groundball, 4MS, EV 82.5 MPH)
|
| Bottom of the 6th over - 0 runs, 1 hit, 0 errors, 1 left on base; Washington 3 - Los Angeles 4 |
| TOP OF THE 7TH |
|
Washington Nationals batting - Pitching for Los Angeles Dodgers : LHP Gavin White
|
|
Pinch Hitting: RHB Dusty Ballard
|
0-0: Called Strike 0-1: Ball 1-1: Foul Ball, location: 2F 1-2: Strikes out looking
|
|
Batting: LHB Bi-jun Chien
|
0-0: Ball 1-0: Ball 2-0: Foul Ball, location: 2F 2-1: Foul Ball, location: 2F 2-2: Ball 3-2: Base on Balls
|
|
Batting: RHB John Sanders
|
0-0: Ball Bi-jun Chien is caught stealing 2nd base 2-4 1-0: Foul Ball, location: 2F 1-1: Ball 2-1: Ball 3-1: Base on Balls
|
|
Pitching: RHP Joon-ho Rhee
|
|
|
Batting: LHB Seth Cook
|
0-0: Ball 1-0: Called Strike 1-1: Ball 2-1: Ground out 4-3 (Groundball, 4, EV 93.1 MPH)
|
| Top of the 7th over - 0 runs, 0 hits, 0 errors, 1 left on base; Washington 3 - Los Angeles 4 |
| BOTTOM OF THE 7TH |
|
Los Angeles Dodgers batting - Pitching for Washington Nationals : RHP Chad Mangum
|
|
Pitching: RHP Jamie Verberkmoes
|
|
|
Now in LF: Dusty Ballard
|
|
|
Batting: LHB Lirak Bazhunaishvili
|
0-0: Called Strike 0-1: Foul Ball, location: 2F 0-2: Ball 1-2: Strikes out swinging
|
|
Batting: SHB Shane Marcum
|
0-0: Ball 1-0: Ball 2-0: Foul Ball, location: 2F 2-1: Ball 3-1: Base on Balls
|
|
Batting: LHB Juan Concepcion
|
0-0: Called Strike Shane Marcum is caught stealing 2nd base 2-6 0-1: Swinging Strike 0-2: SOLO HOME RUN (Flyball, 9D, EV 95.0 MPH), Distance : 377 ft
|
|
Batting: RHB Danny Dyer
|
0-0: Fly out, F8 (Flyball, 8RD, EV 86.9 MPH)
|
| Bottom of the 7th over - 1 run, 1 hit, 0 errors, 0 left on base; Washington 3 - Los Angeles 5 |
| TOP OF THE 8TH |
|
Washington Nationals batting - Pitching for Los Angeles Dodgers : RHP Joon-ho Rhee
|
|
Now at 1B: John Piccolo
|
|
|
Batting: SHB Tze-meng Gan
|
0-0: Ball 1-0: Ball 2-0: Called Strike 2-1: Ball 3-1: Foul Ball, location: 2F 3-2: Base on Balls
|
|
Batting: LHB Emmanuel Gaskin
|
0-0: Foul Ball, location: 2F 0-1: Ball 1-1: Fielders Choice at 2nd, 6-4 (Groundball, 6MD, EV 87.5 MPH)
|
|
Batting: LHB Jeff Luvisi
|
0-0: Called Strike 0-1: Ball 1-1: Ball 2-1: Foul Ball, location: 2F 2-2: Strikes out swinging
|
|
Batting: LHB Bob Melley
|
0-0: Swinging Strike 0-1: Called Strike 0-2: Ball 1-2: Ball 2-2: Strikes out swinging
|
| Top of the 8th over - 0 runs, 0 hits, 0 errors, 1 left on base; Washington 3 - Los Angeles 5 |
| BOTTOM OF THE 8TH |
|
Los Angeles Dodgers batting - Pitching for Washington Nationals : RHP Jamie Verberkmoes
|
|
Pitching: RHP Oleg Bahanov
|
|
|
Batting: LHB Stephen Van Raalte
|
0-0: Called Strike 0-1: Foul Ball, location: 2F 0-2: DOUBLE (Line Drive, 89M, EV 93.8 MPH)
|
|
Batting: RHB Ben Mischnick
|
0-0: Ball 1-0: Ball 2-0: Ball 3-0: Base on Balls
|
|
Batting: RHB Leonardo Nava
|
0-0: Called Strike 0-1: Foul Ball, location: 2F 0-2: Foul Ball, location: 2F 0-2: Foul Ball, location: 2F 0-2: Foul Ball, location: 2F 0-2: Ball 1-2: Strikes out swinging
|
|
Batting: RHB Tim Nettles
|
0-0: Swinging Strike 0-1: Swinging Strike 0-2: Ball 1-2: Strikes out looking
|
|
Batting: RHB Tsutomu Irie
|
0-0: Foul Ball, location: 2F 0-1: Swinging Strike 0-2: Ball 1-2: Foul Ball, location: 2F 1-2: Strikes out swinging
|
| Bottom of the 8th over - 0 runs, 1 hit, 0 errors, 2 left on base; Washington 3 - Los Angeles 5 |
| TOP OF THE 9TH |
|
Washington Nationals batting - Pitching for Los Angeles Dodgers : RHP Joon-ho Rhee
|
|
Pitching: RHP Bo Chia
|
|
|
Batting: RHB Darren McCarty Jr.
|
0-0: Ball 1-0: Called Strike 1-1: Foul Ball, location: 2F 1-2: Ball 2-2: Foul Ball, location: 2F 2-2: Ground out 6-3 (Groundball, 56, EV 103.8 MPH)
|
|
Batting: RHB Dusty Ballard
|
0-0: Swinging Strike 0-1: Foul Ball, location: 2F 0-2: Ground out 6-3 (Groundball, 6, EV 91.2 MPH)
|
|
Batting: LHB Bi-jun Chien
|
0-0: Called Strike 0-1: Called Strike 0-2: Ball 1-2: Ball 2-2: Ball 3-2: Foul Ball, location: 2F 3-2: Base on Balls
|
|
Batting: RHB John Sanders
|
0-0: Ball 1-0: Ball 2-0: Ball 3-0: Base on Balls Bi-jun Chien to second
|
|
Batting: LHB Seth Cook
|
0-0: Ball 1-0: Called Strike 1-1: Called Strike 1-2: SINGLE (Groundball, 4M, EV 103.1 MPH) Bi-jun Chien to third John Sanders to second
|
|
Batting: SHB Tze-meng Gan
|
0-0: Ball 1-0: Foul Ball, location: 2F 1-1: Ground out 4-3 (Groundball, 34D, EV 105.0 MPH)
|
| Top of the 9th over - 0 runs, 1 hit, 0 errors, 3 left on base; Washington 3 - Los Angeles 5 |
|